 Dungeon Crawl Stone Soup version 0.31.0-12-g77e489cdc1 (webtiles) character file.

Game seed: 8568587683165213174

30 Doomgape the Shield-Bearer (level 3, 0/24 HPs)
             Began as a Gargoyle Fighter on Mar 2, 2024.
             Slain by Sigmund
             ... wielding a +4 scythe of freezing
              (5 damage)
             ... on level 2 of the Dungeon.
             The game lasted 00:02:40 (1280 turns).

Doomgape the Shield-Bearer (Gargoyle Fighter)       Turns: 1280, Time: 00:02:41

Health: 0/24       AC: 10    Str: 21    XL:     3   Next: 18%
Magic:  3/3        EV:  9    Int:  8    God:
Gold:   80         SH:  4    Dex:  9    Spells: 2/2 levels left

rFire   . . .        a - +0 flail
rCold   . . .        c - +0 buckler
rNeg    + . .        b - +0 scale mail
rPois   ∞            (no helmet)
rElec   +            (no cloak)
rCorr   .            (no gloves)
SInv    .            (no boots)
Will    .....        (no amulet) Stlth
                     (no ring)
HPRegen 0.24/turn    (no ring)
MPRegen 0.08/turn

%: no passive effects
@: mighty
A: sickness immunity, AC +3, negative energy resistance 1, electricity
resistance, torment resistance 1, petrification resistance
a: no special abilities


You were on level 2 of the Dungeon.
You visited 1 branch of the dungeon, and saw 2 of its levels.

You collected 80 gold pieces.

Inventory:

Hand Weapons
 a - a +0 flail (weapon)
Armour
 b - a +0 scale mail (worn)
 c - a +0 buckler (worn)
Jewellery
 h - a ring of flight
Scrolls
 f - a scroll of identify {unknown}
Potions
 e - 2 potions of curing {unknown}
 g - a potion of degeneration {unknown}


   Skills:
 + Level 3.7 Fighting
 + Level 2.4 Maces & Flails
 + Level 3.6 Armour
 + Level 3.7 Shields


You had 2 spell levels left.
You didn't know any spells.
Your spell library was empty.

Dungeon Overview and Level Annotations

Branches:
Dungeon (2/15)

Altars:

Shops:
D:1 [

Annotations:
D:2 Sigmund


Innate Abilities, Weirdness & Mutations

You are immune to sickness and miasma.
Your stone body is resilient. (AC +3)
You are immune to poison.
You resist negative energy. (rN+)
You are resistant to electric shocks. (rElec)
You are resistant to unholy torment.
You are immune to petrification.


Message History

Moving in this stuff is going to be slow.
You enter the shallow water.
Moving in this stuff is going to be slow.
You see here a +0 dagger.
Partly explored, can't reach some places.
You see here a +0 dagger.
There is a stone staircase leading down here.
You climb downwards.
Found a ring mail and a silvery potion.
There is a stone staircase leading up here.
You see here a +0 ring mail.
g - a silvery potion
h - a ring of flight You open the door.
Found a stone staircase leading down.
No target in view!
There is an open door here.
Sigmund the Dreaded comes into view.
He is wielding a +4 scythe of freezing.
Sigmund shouts!
You aren't carrying any items that you can evoke.
You aren't carrying any items that you can evoke.
Okay, then.
You feel very mighty all of a sudden.
Found a mace.
Sigmund gestures at you while chanting. You resist with significant effort.
Found a fizzy golden potion.
Sigmund points at you and mumbles some strange words.
The puff of flame hits you!
You closely miss Sigmund. Sigmund hits you but does no damage.
You barely miss Sigmund.
Sigmund mumbles some strange words.
Sigmund flickers and vanishes!
Deactivating autopickup; reactivate with Ctrl-A.
You sock something! Something hits you but does no damage.
You completely miss something. Something hits you!
Ouch! That really hurt!
* * * LOW HITPOINT WARNING * * *
Something freezes you.
You die...

#....... #...!..
#..... #....#+#
#....#.#
####......##
####....{.....#
).?....@>.....#
####..........#
#####
#........!.#
#....
#..........#
#.##.
#####'######
#.##.
#....########.#..
###.#...#...#.#.#
#.#.#.#.#.#.#.#
#.......#...#..


There were no monsters in sight!

Vanquished Creatures
  A gnoll (D:1)
  An endoplasm (D:1)
  A giant cockroach (D:1)
  3 jackals (D:1)
  2 kobolds (D:1)
  A quokka (D:1)
  A ball python (D:1)
  5 bats (D:1)
  2 frilled lizards (D:1)
  2 goblins (D:1)
  2 rats (D:1)
21 creatures vanquished.

Notes
Turn   | Place    | Note
-------+----------+-------------------------------------------
     0 | D:1      | Doomgape the Gargoyle Fighter began the quest for the Orb.
     0 | D:1      | Reached XP level 1. HP: 14/14 MP: 1/1
   276 | D:1      | Reached XP level 2. HP: 19/19 MP: 2/2
   390 | D:1      | Found a faded altar of an unknown god.
   451 | D:1      | Found Cijej's Armour Shop.
   621 | D:1      | Reached XP level 3. HP: 13/24 MP: 3/3
  1272 | D:2      | Noticed Sigmund
  1280 | D:2      | Slain by Sigmund

Illustrated notes

Levels and vault maps discovered:
D:1:      minmay_arrival_shattered_statue, layout_basic, serial_rivers,
          chequers_serial_rivers_micro_e, chequers_serial_rivers_micro_d,
          chequers_serial_rivers_micro_e, chequers_serial_rivers_micro_e,
          chequers_serial_rivers_large_a, chequers_serial_rivers_small_a,
          dreamdust_ecumenical_altar_angels_and_demons, serial_shops, shop,
          chequers_garden
D:2:      minmay_chambers_of_twos, layout_basic, amcnicky_mini_pool_small,
          minmay_misc_feat_tiny, uniq_terence, uniq_sigmund

Action                     || total
---------------------------++-------
  Melee: Flail             ||    70
    Use: Potion            ||     1
 Armour: Scale mail        ||    75
  Dodge: Dodged            ||    49
  Block: Buckler           ||    23
